 Dungeon Sprint DCSS version 0.30.1-11-g7821555f0a (webtiles) character file.

Game seed: 129905242677393738

14100000 Groucho the Archmage (level 27, 0/228 HPs)
             Began as a Djinni Warper on Nov 20, 2023.
             Was the Champion of Makhleb.
             Slain by a meat berserker
             ... wielding a +9 battleaxe
              (38 damage)
             ... in the Dungeon (Sprint VIII: "Arena of Blood").
             The game lasted 00:05:15 (141 turns).

Groucho the Archmage (Djinni Warper)                 Turns: 141, Time: 00:05:16

Health: 0/228      AC:  6    Str: 10    XL:     27
Gold:   0          EV: 29    Int: 24    God:    Makhleb [******] SH:  0 Dex: 18

rFire   + + .        i - +∞ Axe of Woe
rCold   x . .        (shield currently unavailable)
rNeg    . . .        b - +0 leather armour
rPois   ∞            (no helmet)
rElec   .            (no cloak)
rCorr   .            (no gloves)
SInv    +            (boots unavailable)
Will    ++...        (no amulet)
Stlth   +++++++++    j - ring of see invisible
HPRegen 0.58/turn    (no ring)
MPRegen 0.00/turn

%: no teleportation, infuse magic (-1 HP)
@: flying, slowed, very slow
A: sickness immunity, fire resistance 2, cold vulnerability 1, float, innate
caster, HP casting, extra vitality 1
a: Renounce Religion, Minor Destruction, Lesser Servant of Makhleb, Major
Destruction, Greater Servant of Makhleb


You were in the Dungeon.
You worshipped Makhleb.
Makhleb was exalted by your worship.
You visited 1 branch

Inventory:

Hand Weapons
 a - a +0 hand axe
 i - the +∞ Axe of Woe (weapon)
   (You found it in the Dungeon)
 r - a +9 heavy great sword
Missiles
 d - 7 boomerangs of dispersal
Armour
 b - a +0 leather armour (worn)
Jewellery
 g - a +250 ring of slaying
 j - a ring of see invisible (left hand)
 k - a +200 ring of slaying
 l - a +200 ring of slaying
 m - a +200 ring of slaying
 n - a +100 ring of slaying
 o - a +30 ring of slaying
 p - a +200 ring of slaying
 q - a +200 ring of slaying
 s - a +400 ring of slaying
Scrolls
 c - 2 scrolls of blinking
Potions
 e - a potion of curing
 f - a potion of heal wounds
 h - a potion of berserk rage


   Skills:
 O Level 27 Fighting
 O Level 27 Short Blades
 O Level 27 Long Blades
 O Level 27 Axes
 O Level 27 Maces & Flails
 O Level 27 Polearms
 O Level 27 Staves
 O Level 27 Ranged Weapons
 O Level 27 Throwing
 O Level 27 Armour
 O Level 27 Dodging
 O Level 27 Stealth
 O Level 27 Shields
 O Level 27 Unarmed Combat
 O Level 27 Spellcasting
 O Level 27 Invocations
 O Level 27 Evocations


You knew the following spells:

 Your Spells              Type           Power      Damage    Failure   Level
a - Blink                 Tloc           100%       N/A       0%          2
b - Lesser Beckoning      Tloc           100%       N/A       0%          2
c - Vhi's Electric Charg  Tloc/Air       100%       N/A       0%          3
d - Teleport Other        Tloc           100%       N/A       0%          3
e - Manifold Assault      Tloc           100%       N/A       0%          4
f - Kiss of Death         Conj/Necr      100%       2d13      0%          1
g - Momentum Strike       Conj/Tloc      100%       3d10      0%          2
h - Scorch                Fire           100%       2d9       0%          2
i - Frozen Ramparts       Ice            100%       1d16      0%          3
j - Airstrike             Air            52%        2d(8-24)  0%          4
k - Iskenderun's Battles  Conj           100%       2d15      0%          5
l - Summon Cactus Giant   Summ           52%        N/A       0%          6
m - Ozocubu's Refrigerat  Ice            52%        4d19      0%          7
n - Malign Gateway        Summ/Tloc      52%        N/A       0%          7
o - Orb of Destruction    Conj           52%        9d13      0%          7
p - Dragon Form           Tmut           52%        N/A       0%          7
q - Ignition              Fire           52%        3d14      1%          8
r - Polar Vortex          Ice            52%        N/A       1%          9
Your spell library was empty.

Dungeon Overview and Level Annotations

Branches:
Dungeon (1/1)

Altars:
Makhleb


Innate Abilities, Weirdness & Mutations

You are immune to sickness and miasma.
You are immune to poison.
Your flesh is very heat resistant. (rF++)
You are vulnerable to cold. (rC-)
You float through the air rather than walking.
You learn spells naturally, not from books.
Your magical power is your life essence.
You have superior vitality. (+4 MHP)


Message History

* * * LOW HITPOINT WARNING * * *
The meat berserker convulses!
The bag of meat convulses!
The eight-headed meat hydra convulses!
The fleshlord convulses!
You hear an angry hiss.
You hear a shout!
Unknown command.
You slash the bag of meat!
You butcher the bag of meat messily.
You kill the bag of meat!
Makhleb accepts your kill.
You feel better.
You hear a shout! x2
The meat berserker is engulfed in blazing flames.
You hear a shout!
The eight-headed meat hydra calls on the powers of darkness!
The eight-headed meat hydra convulses!
The bag of meat convulses! x2
The fleshlord convulses!
Your body is wracked with pain!
* * * LOW HITPOINT WARNING * * *
The meat berserker convulses!
A scourge comes into view.
You hear a shout! x2
The destroyer gestures at you while chanting.
The destroyer blinks!
You hear a shout! x2
Unknown command.
You slice the destroyer like a ripe choko!!!
You slaughter the destroyer joyfully.
You destroy the destroyer!
Makhleb accepts your kill.
You feel better.
You hear a shout!
The meat berserker is engulfed in blazing flames.
The meat berserker rages.
You hear a shout! x2
The dread calls on the powers of darkness!
The meat berserker convulses!
The scourge convulses!
The meat berserker convulses! x2; Your body is wracked with pain!
* * * LOW HITPOINT WARNING * * *
The observer convulses!
The meat berserker is engulfed in blazing flames.
The meat berserker hits you with a +9 battleaxe!!!
You die...

#... .# #... #... ).#
....###... .).###MoW
........)###)........
.#........_..........
.S..O..#.....#.......
.W..O..#_.<._#.......
......☼#....O#..)...#
#..☼°O@)._W.........
......G.)###).)..)...
....###p.)...)###...
..))..#.)).)..#.....
..)...#..V))..#..)..
...)..D)).)o...)).).
...).)))))..o.o.)#.o
....)..))))).).)#).M
..).))).)))p.)##p.).


You could see an eight-headed meat hydra, a destroyer, an observer (fast,
invisible), a scourge, a fleshlord (fast), 2 dreads, 4 meat berserkers and 2
bags of meat.

Vanquished Creatures
  11 hell knights (D)
  14 hell beasts (D)
  Edmund (D)
  2 royal mummies (D)
  4 great orbs of eyes (D)
  3 wraiths (D)
  16 vampire knights (D)
  39 ogres (D)
  6 two-headed ogres (D)
  8 liches (D)
  5 hydras (D)
  6 phantoms (D)
  55 orcs (D)
  4 skeletal warriors (D)
  6 sea snakes (D)
180 creatures vanquished.

Notes
Turn   | Place    | Note
-------+----------+-------------------------------------------
     0 | D        | Found the +∞ Axe of Woe
     0 | D        | Groucho the Djinni Warper began the quest for the Orb.
     0 | D        | Groucho set off with the following spells memorised: Blink,
                  | Lesser Beckoning, Vhi's Electric Charge, Teleport Other,
                  | Manifold Assault.
     0 | D        | Reached XP level 1. HP: 18/18 MP: 0/0
     4 | D        | Became a worshipper of Makhleb the Destroyer
     5 | D        | Noticed a bag of meat
     6 | D        | Noticed a bag of meat
     6 | D        | Noticed a meat berserker
     6 | D        | Noticed a bag of meat
     7 | D        | Noticed a bag of meat
     7 | D        | Noticed a bag of meat
     7 | D        | Noticed a bag of meat
     8 | D        | Noticed a bag of meat
     8 | D        | Noticed a bag of meat
     8 | D        | Noticed a meat berserker
     8 | D        | Noticed a meat berserker
     9 | D        | Killed a bag of meat
     9 | D        | Killed a meat berserker
     9 | D        | Reached * piety under Makhleb
     9 | D        | Killed a bag of meat
     9 | D        | Noticed a meat berserker
     9 | D        | Noticed a bag of meat
     9 | D        | Noticed a bag of meat
     9 | D        | Noticed a bag of meat
    10 | D        | Reached skill level 5 in Armour
    10 | D        | Reached XP level 2. HP: 38/38 MP: 0/0
    10 | D        | Reached XP level 3. HP: 43/43 MP: 0/0
    10 | D        | Learned a level 1 spell: Kiss of Death
    10 | D        | Reached XP level 4. HP: 49/49 MP: 0/0
    10 | D        | Reached XP level 5. HP: 55/55 MP: 0/0
    10 | D        | Learned a level 2 spell: Momentum Strike
    10 | D        | Reached XP level 6. HP: 61/61 MP: 0/0
    10 | D        | Reached XP level 7. HP: 67/67 MP: 0/0
    10 | D        | Learned a level 2 spell: Scorch
    10 | D        | Reached XP level 8. HP: 72/72 MP: 0/0
    10 | D        | Reached XP level 9. HP: 77/77 MP: 0/0
    10 | D        | Learned a level 3 spell: Frozen Ramparts
    10 | D        | Reached XP level 10. HP: 84/84 MP: 0/0
    10 | D        | Reached XP level 11. HP: 89/89 MP: 0/0
    10 | D        | Learned a level 4 spell: Airstrike
    10 | D        | Reached XP level 12. HP: 95/95 MP: 0/0
    10 | D        | Reached XP level 13. HP: 101/101 MP: 0/0
    10 | D        | Learned a level 5 spell: Iskenderun's Battlesphere
    10 | D        | Killed a bag of meat
    10 | D        | Killed a meat berserker
    10 | D        | Reached ** piety under Makhleb
    10 | D        | Noticed a bag of meat
    11 | D        | Reached XP level 14. HP: 87/111 MP: 0/0
    11 | D        | Killed a bag of meat
    11 | D        | Killed a meat berserker
    11 | D        | Noticed a meat berserker
    11 | D        | Noticed a bag of meat
    12 | D        | Reached skill level 5 in Throwing
    12 | D        | Reached XP level 15. HP: 118/118 MP: 0/0
    12 | D        | Learned a level 6 spell: Summon Cactus Giant
    12 | D        | Reached *** piety under Makhleb
    13 | D        | Reached skill level 15 in Axes
    13 | D        | Killed a meat berserker
    13 | D        | Reached **** piety under Makhleb
    13 | D        | Noticed a large bag of meat
    14 | D        | Reached skill level 27 in Spellcasting
    14 | D        | Reached XP level 16. HP: 120/124 MP: 0/0
    14 | D        | Noticed a meat berserker
    15 | D        | Reached XP level 17. HP: 130/130 MP: 0/0
    15 | D        | Learned a level 7 spell: Ozocubu's Refrigeration
    15 | D        | Killed a meat berserker
    15 | D        | Reached ***** piety under Makhleb
    16 | D        | Reached skill level 27 in Dodging
    17 | D        | Reached skill level 27 in Axes
    17 | D        | Reached skill level 5 in Stealth
    17 | D        | Reached XP level 18. HP: 139/139 MP: 0/0
    17 | D        | Reached ****** piety under Makhleb
    17 | D        | Noticed a destroyer
    18 | D        | Reached XP level 19. HP: 153/153 MP: 0/0
    18 | D        | Learned a level 7 spell: Malign Gateway
    19 | D        | Killed a large bag of meat
    20 | D        | Reached skill level 15 in Stealth
    21 | D        | Killed a meat berserker
    22 | D        | Reached XP level 20. HP: 169/169 MP: 0/0
    22 | D        | Noticed a destroyer
    23 | D        | Noticed a meat berserker
    24 | D        | Noticed a meat berserker
    24 | D        | Noticed a large bag of meat
    25 | D        | Noticed a large bag of meat
    26 | D        | Noticed a meat berserker
    28 | D        | Noticed an eight-headed meat hydra
    28 | D        | Killed a large bag of meat
    28 | D        | Killed a destroyer
    28 | D        | Noticed a destroyer
    29 | D        | Reached XP level 21. HP: 172/185 MP: 0/0
    29 | D        | Learned a level 7 spell: Orb of Destruction
    29 | D        | Noticed a destroyer
    29 | D        | Noticed an eight-headed meat hydra
    30 | D        | Killed a meat berserker
    30 | D        | Noticed a meat berserker
    30 | D        | Noticed a meat berserker
    31 | D        | Reached skill level 27 in Fighting
    31 | D        | Killed a large bag of meat
    31 | D        | Killed a destroyer
    31 | D        | Killed a meat berserker
    31 | D        | Noticed a meat berserker
    32 | D        | Reached skill level 27 in Armour
    32 | D        | Killed a meat berserker
    32 | D        | Killed a meat berserker
    32 | D        | Noticed a meat berserker
    33 | D        | Reached skill level 27 in Stealth
    33 | D        | Reached skill level 27 in Invocations
    33 | D        | Reached XP level 22. HP: 194/194 MP: 0/0
    33 | D        | Killed a meat berserker
    33 | D        | Killed a nine-headed meat hydra
    33 | D        | Killed a destroyer
    33 | D        | Noticed a meat berserker
    33 | D        | Noticed a large bag of meat
    34 | D        | Reached skill level 10 in Throwing
    34 | D        | Reached skill level 10 in Shields
    34 | D        | Reached skill level 10 in Unarmed Combat
    34 | D        | Reached skill level 10 in Evocations
    34 | D        | Reached XP level 23. HP: 201/201 MP: 0/0
    34 | D        | Learned a level 7 spell: Dragon Form
    35 | D        | Reached skill level 10 in Short Blades
    35 | D        | Reached skill level 10 in Long Blades
    35 | D        | Reached skill level 10 in Staves
    35 | D        | Killed a large bag of meat
    36 | D        | Killed a destroyer
    36 | D        | Noticed a destroyer
    37 | D        | Reached skill level 15 in Short Blades
    37 | D        | Reached skill level 15 in Long Blades
    37 | D        | Reached skill level 15 in Staves
    37 | D        | Reached skill level 15 in Throwing
    37 | D        | Reached XP level 24. HP: 208/208 MP: 0/0
    37 | D        | Noticed a destroyer
    39 | D        | Noticed a destroyer
    39 | D        | Noticed a destroyer
    40 | D        | Noticed a destroyer
    41 | D        | Killed a destroyer
    41 | D        | Killed a destroyer
    42 | D        | Reached XP level 25. HP: 214/214 MP: 0/0
    42 | D        | Learned a level 8 spell: Ignition
    42 | D        | Killed a destroyer
    42 | D        | Killed a destroyer
    51 | D        | Reached XP level 26. HP: 199/221 MP: 0/0
    58 | D        | Noticed a dread
    60 | D        | Noticed a meat beast
    61 | D        | Killed a dread
    63 | D        | Reached XP level 27. HP: 228/228 MP: 0/0
    63 | D        | Learned a level 9 spell: Polar Vortex
    63 | D        | Noticed a meat beast
    64 | D        | Killed a meat beast
    64 | D        | Killed a meat beast
    65 | D        | Reached skill level 27 in Shields
    65 | D        | Reached skill level 27 in Unarmed Combat
    65 | D        | Reached skill level 27 in Evocations
    72 | D        | Noticed a dread
    73 | D        | Reached skill level 27 in Short Blades
    73 | D        | Reached skill level 27 in Long Blades
    73 | D        | Reached skill level 27 in Staves
    73 | D        | Noticed a meat beast
    77 | D        | Noticed a meat beast
    77 | D        | Killed a destroyer
    78 | D        | Reached skill level 27 in Maces & Flails
    78 | D        | Reached skill level 27 in Polearms
    78 | D        | Reached skill level 27 in Ranged Weapons
    78 | D        | Reached skill level 27 in Throwing
    78 | D        | Killed a meat beast
    78 | D        | Noticed a meat beast
    79 | D        | Killed a meat beast
    79 | D        | Noticed a meat beast
    81 | D        | Killed a dread
    81 | D        | Killed a meat beast
    81 | D        | Killed a meat beast
    83 | D        | Noticed a meat beast
    86 | D        | Noticed a meat beast
    88 | D        | Noticed a tyrant
    88 | D        | Noticed a large bag of meat
    89 | D        | Noticed a tyrant
    89 | D        | Noticed an accursed
    90 | D        | Killed a meat beast
    90 | D        | Noticed a destroyer
    90 | D        | Noticed a meat beast
    91 | D        | Killed a tyrant
    91 | D        | Killed a meat beast
    92 | D        | Killed a large bag of meat
    92 | D        | Killed an accursed
    92 | D        | Killed a meat beast
    93 | D        | Killed a destroyer
    94 | D        | Killed a tyrant
    94 | D        | Noticed a destroyer
    97 | D        | Killed a destroyer
    97 | D        | Noticed a tyrant
    98 | D        | Noticed a meat beast
    98 | D        | Noticed a meat beast
    98 | D        | Noticed The Defiler
    98 | D        | Noticed a destroyer
    98 | D        | Noticed a meat beast
   100 | D        | Noticed a meat beast
   101 | D        | Noticed a tyrant
   101 | D        | Killed a meat beast
   101 | D        | Killed a meat beast
   102 | D        | Killed a meat beast
   102 | D        | Killed a destroyer
   102 | D        | Killed a tyrant
   102 | D        | Noticed a tyrant
   103 | D        | Killed The Defiler
   103 | D        | Killed a meat beast
   104 | D        | Killed a tyrant
   104 | D        | Noticed a tyrant
   105 | D        | Killed a tyrant
   105 | D        | Killed a tyrant
   112 | D        | Noticed a meat beast
   113 | D        | Noticed a dread
   117 | D        | Noticed a fleshlord
   117 | D        | Noticed a fleshlord
   117 | D        | Killed a meat beast
   117 | D        | Noticed a fleshlord
   119 | D        | Noticed a fleshlord
   119 | D        | Noticed a destroyer
   120 | D        | Killed a destroyer
   120 | D        | Killed a dread
   121 | D        | Noticed a fleshlord
   121 | D        | Killed a fleshlord
   121 | D        | Killed a fleshlord
   122 | D        | Noticed a fleshlord
   122 | D        | Killed a fleshlord
   122 | D        | Killed a fleshlord
   123 | D        | Killed a fleshlord
   123 | D        | Killed a fleshlord
   123 | D        | Noticed an accursed
   125 | D        | Noticed a fleshlord
   125 | D        | Noticed a destroyer
   125 | D        | Noticed a fleshlord
   126 | D        | Noticed a fleshlord
   127 | D        | Noticed an accursed
   127 | D        | Noticed a fleshlord
   128 | D        | Noticed a large bag of meat
   128 | D        | Noticed a tyrant
   129 | D        | Killed a fleshlord
   129 | D        | Killed a fleshlord
   129 | D        | Killed a large bag of meat
   129 | D        | Noticed a destroyer
   130 | D        | Noticed a fleshlord
   131 | D        | Killed a fleshlord
   131 | D        | Killed a destroyer
   131 | D        | Killed a tyrant
   132 | D        | Noticed a fleshlord
   132 | D        | Noticed a dread
   132 | D        | Noticed a tyrant
   133 | D        | Killed a tyrant
   133 | D        | Killed a fleshlord
   134 | D        | Noticed a destroyer
   136 | D        | Killed a destroyer
   136 | D        | Killed a fleshlord
   136 | D        | Killed an accursed
   137 | D        | Noticed a fleshlord
   137 | D        | Noticed a destroyer
   139 | D        | Noticed a destroyer
   139 | D        | Noticed a dread
   141 | D        | Killed a destroyer
   141 | D        | Slain by a meat berserker

Illustrated notes

Levels and vault maps discovered:
D:        meatsprint

Skill      XL: |  1  2  3  4  5  6  7  8  9 10 11 12 13 14 15 16 17 18 19 20 21 22 23 24 25 26 27 |
---------------+----------------------------------------------------------------------------------+-----
Fighting       | 12 13 14 16 19 22 26 27 | 27.0
Axes           | 11 13 14 18 20 27 | 27.0
Throwing       | 4 5 6 10 15 16 19 21 27 | 27.0
Armour         | 5 8 13 19 23 27 | 27.0
Dodging        | 13 14 16 21 23 27 | 27.0
Spellcasting   | 20 23 25 27 | 27.0
Stealth        | 5 11 17 21 27 | 27.0
Invocations    | 6 12 18 22 27 | 27.0
Short Blades   | 3 9 15 17 20 22 27 | 27.0
Long Blades    | 3 9 15 17 20 22 27 | 27.0
Maces & Flails | 3 8 14 16 18 21 27 | 27.0
Polearms       | 3 8 14 16 18 21 27 | 27.0
Staves         | 3 9 15 17 20 22 27 | 27.0
Ranged Weapons | 3 8 14 16 18 21 27 | 27.0
Shields        | 4 10 16 18 21 24 27 | 27.0
Unarmed Combat | 4 10 16 18 21 24 27 | 27.0
Evocations     | 4 10 16 18 21 24 27 | 27.0

Action                     |  1- 3 |  4- 6 |  7- 9 | 10-12 | 13-15 | 16-18 | 19-21 | 22-24 | 25-27 || total
---------------------------+-------+-------+-------+-------+-------+-------+-------+-------+-------++-------
  Melee: Executioner's axe |     1 |       |       |       |     4 |    10 |    15 |    17 |   108 ||   155
   Cast: Manifold Assault  |       |       |       |       |       |     2 |     2 |     4 |    22 ||    30
         Polar Vortex      |       |       |       |       |       |       |       |       |     1 ||     1
    Use: Potion            |       |       |       |       |       |       |       |       |     1 ||     1
  Dodge: Dodged            |       |       |       |       |       |       |       |       |     4 ||     4
